[Event "Championnat du monde jeunes U12F"]
[Date "2024.11.22"]
[White "Buyankhishig, Batpelden"]
[Black "Allahverdi, Zahra"]
[WhiteElo "1867"]
[BlackElo "1718"]
[Round "7.2"]
[Result "0-1"]
[TimeControl "5400+30"]

1. d4 Nf6 2. c4 e6 3. Nf3 Bb4+ 4. Nbd2 c5 5. a3 Bxd2+ 6. Bxd2 b6 7. dxc5 bxc5 8. Bf4 Qa5+ 9. Qd2 Qxd2+ 10. Nxd2 Ke7 11. e4 Nc6 12. e5 Nh5 13. Be3 Nxe5 14. Be2 Nf6 15. f4 Ng6 16. Bxc5+ d6 17. Be3 Nh4 18. O-O Bb7 19. g3 Nf5 20. Bf2 h5 21. c5 Ng4 22. cxd6+ Kxd6 23. Nc4+ Ke7 24.
Bc5+ Kf6 25. Bxg4 hxg4 26. Ne5 Nh6 27.
Rfd1 Bd5 28. Rac1 Kf5 29. Kf2 f6 30. Nc4 Kg6 31. Ne3 Bf3 32. Rd2 Nf7 33. h4 Rhd8 34. Rcc2 Be4 35. Rxd8 Rxd8 36. Rc4 Bf3 37. Ke1 e5 38. f5+ Kh7 39. Ra4 e4 40. Rd4 Rc8 41. b4 Rc7 42. Kd2 Ne5 43. Bd6 Rc6 44. Bxe5 fxe5 45. Rd5 Ra6 46. Ra5 Rd6+ 47. Kc2 Rd3 48. Nc4 Bd1+ 49. Kc1 Bb3 50. Nxe5 Rd1+ 51. Kb2 e3 52. Nxg4 e2 53. Re5 Bc4 54. Kc3 Ba6 55. b5 Bxb5 56. Kb4 a6 57. a4 e1=Q+ 58. Rxe1 Rxe1 59. axb5 Re4+ 60.
Ka5 Rxg4 61. bxa6 Rxg3 62. a7 Ra3+ 63.
Kb6 Kh6 64. Kb7 Kh5 65. a8=Q Rxa8 66.
Kxa8 Kxh4 67. Kb7 Kg5 0-1

[Variant "Standard"]
[Site "Europe Echecs"]

[Event "Championnat du monde jeunes U12F"]
[Date "2024.11.22"]
[White "Mozolevskaya, Tatyana Nik"]
[Black "Xue, Tianhao"]
[WhiteElo "1775"]
[BlackElo "1835"]
[Round "7.3"]
[Result "1/2-1/2"]
[TimeControl "5400+30"]

1. Nf3 d5 2. d4 Nf6 3.
c4 e6 4. g3 Be7 5. Bg2 O-O 6. O-O dxc4 7. Qc2 a6 8. a4 h6 9. Qxc4 b5 10. Qd3 Bb7 11. axb5 Be4 12. Qb3 Bd5 13. Qd1 axb5 14. Rxa8 Bxa8 15. Bf4 Bd6 16. Bxd6 cxd6 17. Qb3 Qb6 18. Na3 Bxf3 19. Bxf3 Qxd4 20. Nxb5 Qb6 21. Rc1 d5 22. e3 Nbd7 23. Be2 Rb8 24. Qa3 Ne5 25. Rc7 Re8 26. b3 Ne4 27. Qc1 Nd6 28. Nd4 Ndc4 29. Nb5 Qxb5 30. bxc4 dxc4 31. Bxc4 Nf3+ 32. Kg2 Qf5 33.
Be2 Ng5 34. h4 Ne4 35. Bf3 Nf6 36. Rc8 Qb5 37. Rc5 Qb4 38. Rc4 Qb6 39. Rc8 Qb5 40. Qc7 Rxc8 41. Qxc8+ Qe8 42. Qxe8+ 1/2-1/2

[Variant "Standard"]
[Site "Europe Echecs"]

[Event "Championnat du monde jeunes U12F"]
[Date "2024.11.22"]
[White "Tong Thai Hoang An"]
[Black "Pavithra R V"]
[WhiteElo "1869"]
[BlackElo "1854"]
[Round "7.4"]
[Result "1-0"]
[TimeControl "5400+30"]

1. d4 d5 2. c4 e6 3. Nf3 Nf6 4. g3 Be7 5. Bg2 c6 6. Qc2 O-O 7. O-O Nbd7 8. Nbd2 dxc4 9. Nxc4 Nb6 10. Nce5 Bd6 11. Rd1 Qc7 12. Bd2 h6 13. Rac1 Rd8 14. Ba5 Qe7 15. a3 Bc7 16. e4 Bd7 17. Qe2 Rdc8 18. Nd3 Qe8 19. Nc5 Rab8 20. Ne5 Qe7 21. Bc3 Be8 22. b4 Nfd7 23. Ng4 f6 24. Ne3 Bf7 25. Bh3 Rd8 26. Ba1 Nxc5 27. dxc5 Nd7 28. Nc4 b6 29. Nd6 b5 30. f4 Nf8 31. e5 f5 32. Bg2 Be8 33. Nxe8 Qxe8 34. Qf3 Rd5 35. Qe2 Rdd8 36. Bd4 a5 37. Bf3 Ra8 38. Qg2 Ra6 39. Bc3 a4 40. Be1 g5 41. h3 Kh8 42. Rxd8 Bxd8 43. fxg5 hxg5 44. g4 Kg8 45. Rd1 Nh7 46. Rd6 fxg4 47. hxg4 Bc7 48. Rxc6 Rxc6 49. Bxc6 Qb8 50. Qe4 Nf8 51. Bc3 Kg7 52. Qd3 Bxe5 53. Bxb5 Kg8 54. Bxe5 Qxe5 55. Bxa4 Qe1+ 56. Kg2 Kg7 57. Bc2 Qh4 58. Qg3 Qh6 59. Qe5+ Kg8 60. c6 Qh4 61. Qe4 Qh6 62. c7 Kg7 63. c8=Q Ng6 64. Qd7+ Kg8 65. Qdxe6+ Kh8 66. Qe8+ Nf8 67. Q4e5+ Kg8 68. Bb3+ Kh7 69. Qf7+ Qg7 70. Qexg7# 1-0

[Variant "Standard"]
[Site "Europe Echecs"]

[Event "Championnat du monde jeunes U12F"]
[Date "2024.11.22"]
[White "Tran Le Vy"]
[Black "Siddhi Rao"]
[WhiteElo "1854"]
[BlackElo "1677"]
[Round "7.5"]
[Result "1-0"]
[TimeControl "5400+30"]

1. e4 e5 2. Nf3 Nc6 3. Bc4 Bc5 4. c3 Nf6 5. d4 exd4 6. e5 d5 7. Bb5 Ne4 8. cxd4 Bb6 9. h3 O-O 10. O-O f5 11. Nc3 Ne7 12. Re1 c6 13. Bd3 Qe8 14. g3 c5 15. Be3 c4 16. Bf1 Be6 17. h4 Qg6 18. Bf4 h6 19. Bh3 Rad8 20. a3 Qf7 21. Qe2 Ng6 22. Qe3 Nxf4 23. gxf4 Qh5 24. Kh2 Rd7 25. Ne2 g5 26. fxg5 Kh8 27. Nf4 Qe8 28. gxh6 Rh7 29. Ng5 Rxh6 30. Ngxe6 Rxe6 31. Nxe6 Qxe6 32. f3 Ng3 33. Rg1 Nh5 34. Qg5 Qf7 35. Qh6+ Qh7 36. Qxf8+ Qg8 37. Qxg8# 1-0

[Variant "Standard"]
[Site "Europe Echecs"]

[Event "Championnat du monde jeunes U12F"]
[Date "2024.11.22"]
[White "Bassari, Senem Gul"]
[Black "Qiu, Laurie"]
[WhiteElo "1778"]
[BlackElo "1994"]
[Round "7.6"]
[Result "0-1"]
[TimeControl "5400+30"]

1. e4 c5 2. Nf3 Nc6 3. d4 cxd4 4. Nxd4 g6 5. c4 Nf6 6. Nc3 d6 7. Be3 Ng4 8. Nxc6 bxc6 9. Bc1 Bg7 10. Be2 Bxc3+ 11. bxc3 Nf6 12. Qc2 O-O 13. O-O Be6 14. Bh6 Re8 15. Be3 Qa5 16. Bd4 Nd7 17. f4 Nb6 18. Bxb6 axb6 19. Rfb1 Reb8 20. Kh1 Qc5 21. Rb4 Qe3 22. f5 gxf5 23. exf5 Bxf5 24. Qxf5 Qxe2 25.
a4 b5 26. cxb5 Rxb5 27. Rg4+ Kh8 28.
Qf4 Rd5 29. h3 Rd1+ 30. Rxd1 Qxd1+ 31.
Kh2 Qd5 32. Kh1 Rb8 33. Rg5 Qe6 34. Kh2 f6 35. Rh5 Rg8 36. Qf3 d5 37. a5 Qd6+ 38. Kh1 Qg3 39. Qe2 Rb8 40. Qc2 Qg7 41. a6 e5 42. Qf5 Rb2 43. Qf3 Ra2 44. Qf1 e4 45. Rf5 e3 46. Rxf6 Qe7 47. Qb1 Qxf6 48. Qxa2 Qf1+ 49. Kh2 e2 50. Qd2 e1=Q 51. Qd4+ Kg8 52. Qg4+ Kf8 53. Qb4+ Kf7 54. Qb7+ Qe7 55. Qb8 Qxa6 56. Qf4+ Qf6 57. Qc7+ Kg6 58. Qg3+ Kf7 59. Qc7+ Qe7 60. Qf4+ Ke8 61. Qb8+ Kd7 62. Qb1 Kc7 63. Kh1 Qae2 0-1

[Variant "Standard"]
[Site "Europe Echecs"]

[Event "Championnat du monde jeunes U12F"]
[Date "2024.11.22"]
[White "Ejsymont, Blanka"]
[Black "Zavivaeva, Kristina"]
[WhiteElo "1945"]
[BlackElo "1775"]
[Round "7.7"]
[Result "0-1"]
[TimeControl "5400+30"]

1. e4 c5 2. Nf3 e6 3. d4 cxd4 4. Nxd4 a6 5. a3 Qc7 6. c4 Nf6 7. Nc3 Be7 8. Bd3 b6 9. Qe2 d6 10. O-O O-O 11. f4 Nbd7 12. Bd2 Bb7 13. b4 Rfe8 14. Nc2 a5 15. Nb5 Qb8 16. Rae1 e5 17. f5 axb4 18. axb4 Ba6 19. Nc3 Rc8 20. g4 h6 21. Kg2 Qc7 22. Ne3 Bb7 23. h4 d5 24. cxd5 Bxb4 25. Rc1 Qd8 26. Rh1 Nc5 27. g5 Bxc3 28. gxf6 Bxd2 29. Qxd2 Qxf6 30. Ng4 Qd6 31. f6 Nxd3 32. Rxc8+ Bxc8 33. Nxh6+ gxh6 34.
Qxh6 Nf4+ 35. Kf1 Ra1+ 36. Kf2 Qc5+ 37.
Kg3 Qe3+ 38. Kh2 Qh3# 0-1

[Variant "Standard"]
[Site "Europe Echecs"]

[Event "Championnat du monde jeunes U12F"]
[Date "2024.11.22"]
[White "Hanya Shah"]
[Black "Tu, Audrey"]
[WhiteElo "1888"]
[BlackElo "1765"]
[Round "7.8"]
[Result "1-0"]
[TimeControl "5400+30"]

1. c4 c5 2. Nc3 g6 3. g3 Nc6 4. Bg2 Bg7 5. Nf3 e5 6. d3 Nge7 7. e4 d6 8. Be3 O-O 9. O-O f5 10. Qd2 f4 11. gxf4 Nd4 12. Ne1 Nec6 13. f3 Qh4 14.
fxe5 dxe5 15. Nd5 Bh3 16. Kh1 Ne6 17. Qf2 Bxg2+ 18. Nxg2 Qxf2 19. Rxf2 Ncd4 20.
Raf1 b6 21. f4 exf4 22. Ngxf4 Nxf4 23.
Rxf4 Bh6 24. Rxf8+ Rxf8 25. Ne7+ Kh8 26. Bxd4+ cxd4 27. Rxf8+ Bxf8 28. Nc6 a5 29. b3 Bg7 30. Kg2 Kg8 31. Kf3 Kf7 32. e5 Ke6 33. Ke4 h5 34. Nxd4+ Ke7 35. Kd5 h4 36. Nf3 h3 37. Ng5 Bh6 38. Nxh3 Be3 39. Ke4 Bc1 40. Nf4 g5 41. Nd5+ Ke6 42. h3 Bb2 43. d4 Ba3 44. Nxb6 Be7 45. d5+ Kf7 46. Kf5 Bd8 47. e6+ Ke8 48. Nc8 Bc7 49. d6 Bxd6 50. Nxd6+ Ke7 51. Nb7 a4 52. bxa4 Ke8 53. a5 g4 54. hxg4 Ke7 55. a6 Ke8 56. a7 Ke7 57. g5 Ke8 58. a8=Q+ Ke7 59. Qd8# 1-0

[Variant "Standard"]
[Site "Europe Echecs"]

[Event "Championnat du monde jeunes U12F"]
[Date "2024.11.22"]
[White "Aadya Ranganath"]
[Black "Xu, Luna Yuexiu"]
[WhiteElo "1753"]
[BlackElo "1821"]
[Round "7.9"]
[Result "1-0"]
[TimeControl "5400+30"]

1. e4 c5 2. Nf3 d6 3. d4 cxd4 4. Nxd4 Nf6 5. Nc3 a6 6. Bd3 e5 7. Nde2 Be7 8. O-O O-O 9. Ng3 Be6 10. Nd5 Bxd5 11. exd5 Nbd7 12. c4 Qc7 13. b3 Rfe8 14. f4 exf4 15. Bxf4 Ne5 16. Nf5 Bf8 17. Rc1 g6 18. Ng3 Qc5+ 19. Kh1 Bg7 20. h3 h5 21. Ne4 Nxe4 22. Bxe4 Nd7 23. Qf3 f5 24. Bb1 Ne5 25. Qg3 Kh7 26. Be3 Qc7 27. c5 Rac8 28. b4 Qd7 29. Rcd1 Nc4 30. Bd4 Bxd4 31. Rxd4 Ne3 32. Rc1 dxc5 33. bxc5 Nxd5 34. a3 Qc6 35. Rcd1 Ne7 36. Rc1 Rcd8 37. Rxd8 Rxd8 38. Qg5 Rd7 39. Ba2 Nd5 40. Rd1 Nc3 41. Rxd7+ Qxd7 42. Bg8+ Kg7 43.
Bb3 Ne4 44. Qf4 Qe7 45. Bd5 Nxc5 46.
Qd4+ Kh7 47. Qb4 b6 48. Bf3 Qd6 49. Qc4 b5 50. Qf7+ Kh6 51. Qa7 Nd3 52. Qe3+ f4 53. Qe8 Ne5 54. Be4 Kg5 55. Bb7 Nc4 56. Qe4 Qxa3 57. h4+ Kf6 58. Qxf4+ Ke6 59. Bc8+ Kd5 60. Qg5+ Kc6 61. Qxg6+ Nd6 62. Qc2+ Kb6 63. Bd7 Qa1+ 64. Kh2 Qe5+ 65. g3 a5 66. Qc6+ Ka7 67. Qc7+ Ka6 68. Bc8+ Nxc8 69. Qxe5 a4 70. Qc3 Nb6 71. Kh3 Nd5 72. Qd4 Nb6 73. g4 hxg4+ 74. Kxg4 Ka5 75. h5 a3 76. h6 b4 77. h7 b3 78. h8=Q b2 79. Qh5+ Ka6 80. Qd3+ Kb7 81. Qhb5 a2 82. Qxb2 Ka7 83. Qxa2+ Kb7 84. Qab3 1-0

[Variant "Standard"]
[Site "Europe Echecs"]

[Event "Championnat du monde jeunes U12F"]
[Date "2024.11.22"]
[White "Abak, Tuana"]
[Black "Sabou, Stefania Theodora"]
[WhiteElo "1806"]
[BlackElo "1736"]
[Round "7.10"]
[Result "1-0"]
[TimeControl "5400+30"]

1. e4 c5 2. c3 Nf6 3. e5 Nd5 4. Nf3 Nc6 5. Bc4 Nb6 6. Bb3 d5 7. exd6 Qxd6 8. O-O Be6 9. Bxe6 Qxe6 10. d4 cxd4 11. cxd4 Qd7 12. Nc3 e6 13. Be3 Bb4 14. Qe2 O-O 15. Rfd1 Bxc3 16. bxc3 Qd5 17. Rac1 Nc4 18. Rb1 N6a5 19. Ne5 Rac8 20. a4 a6 21. f4 Qe4 22. Rd3 Nxe5 23. fxe5 Rxc3 24. Rxc3 Qxb1+ 25. Rc1 Qe4 26. Qf2 Nc6 27. Rf1 Nb4 28. Kh1 f5 29. Bg5 Rc8 30. h4 Rc2 31. Qg3 Qg4 32. Qxg4 fxg4 33. Be7 h5 34. Bxb4 Rc4 35. Bc5 Rxa4 36. Rf8+ Kh7 37. Re8 g3 38. d5 Ra1+ 39. Bg1 exd5 40. Rd8 Re1 41. Rxd5 b5 42. Rd3 b4 43. Re3 Rxe3 44. Bxe3 b3 45. Bd4 a5 46. Kg1 a4 47. Bb2 Kg6 48. e6 a3 49. Bxa3 Kf6 50. e7 Kf7 51. Kf1 b2 52. Bxb2 Kxe7 53. Bxg7 Ke6 54. Ke2 Kf5 55. Kf3 Kg6 56. Be5 1-0

[Variant "Standard"]
[Site "Europe Echecs"]

[Event "Championnat du monde jeunes U12F"]
[Date "2024.11.22"]
[White "Sinkar, Anagha Aniket"]
[Black "Illes-Nagy, Nora"]
[WhiteElo "1723"]
[BlackElo "1803"]
[Round "7.11"]
[Result "1/2-1/2"]
[TimeControl "5400+30"]

1. e4 c5 2. c3 d5 3. exd5 Qxd5 4. d4 Nf6 5. Nf3 e6 6. Be3 cxd4 7. cxd4 Bb4+ 8. Nc3 O-O 9. Bd3 b6 10. O-O Bxc3 11. bxc3 Ba6 12. Bxa6 Nxa6 13. Qa4 Qb7 14. c4 Rac8 15. Rfc1 Nb8 16. h3 h6 17. Rab1 Rfd8 18. Qb5 Qd7 19. a4 Nc6 20. Ne5 Nxe5 21. Qxe5 Qe7 22. a5 Nd7 23. Qh5 Rc6 24. Rb3 Rdc8 25. Bxh6 gxh6 26. Qxh6 Nf8 27. Rg3+ Ng6 28. h4 Qf8 29. Qg5 Kh7 30. axb6 axb6 31. Rcc3 Qh6 32. Qf6 Qg7 33. Qxg7+ Kxg7 34. h5 Rxc4 35. Rxc4 Rxc4 36. hxg6 fxg6 37. Rb3 Rc6 38. Kf1 Rd6 39. Rb4 Kf6 40. Ke2 b5 41. Rxb5 Rxd4 1/2-1/2

[Variant "Standard"]
[Site "Europe Echecs"]

[Event "Championnat du monde jeunes U12F"]
[Date "2024.11.22"]
[White "Jordan, Christina"]
[Black "Chovanec, Alice"]
[WhiteElo "1803"]
[BlackElo "1694"]
[Round "7.12"]
[Result "1-0"]
[TimeControl "5400+30"]

1. e4 c5 2. Nf3 e6 3. d4 cxd4 4. Nxd4 a6 5. a3 Qc7 6. c4 Nf6 7. Nc3 b6 8. g4 Bb7 9. Qf3 Bc5 10. Be3 Qe5 11. O-O-O Nxe4 12. Bg2 Nd6 13. Qh3 O-O 14. b4 Bxd4 15. Bxd4 Qf4+ 16. Be3 Qxc4 17. Kb2 Rc8 18. Rc1 a5 19. Bxb7 Nxb7 20. Qf3 Nc6 21. Na4 Qb5 22. Nxb6 axb4 23. a4 Qe5+ 24. Kb1 Nba5 25. Rc5 d5 26. Nxc8 Rxc8 27. Qf4 Qxf4 28. Bxf4 Nb3 29. Rb5 Nbd4 30. Rb6 Ne2 31. Bd2 Nc3+ 32. Bxc3 bxc3 33. Kc2 d4 34.
Rhb1 Kf8 35. R6b5 f6 36. Rd1 e5 37. f3 g6 38. a5 Rb8 39. Rxb8+ Nxb8 40. Rb1 Nc6 41. a6 f5 42. gxf5 gxf5 43. Rb6 Na7 44. Rf6+ Ke7 45. Rxf5 Ke6 46. Rh5 Nb5 47. Rxh7 Kf5 48. Rf7+ Kg5 49. Rb7 Na3+ 50. Kc1 d3 51. a7 Nc4 52. Rd7 d2+ 53. Kc2 Nb6 54. Rd8 Kf4 55. Kxc3 Kxf3 56. Kxd2 Kg4 57. a8=Q Nxa8 58. Rxa8 Kh3 59. Re8 Kxh2 60. Rxe5 Kg3 61. Ke3 Kg2 62. Rf5 Kh2 63. Rg5 Kh3 64. Kf3 Kh4 65. Rg1 Kh5 66. Kf4 Kh6 67. Kf5 Kh7 68. Kf6 Kh8 69. Kf7 Kh7 70. Rh1# 1-0

[Variant "Standard"]
[Site "Europe Echecs"]

[Event "Championnat du monde jeunes U12F"]
[Date "2024.11.22"]
[White "Sevastsyanchuk, Anastasiya"]
[Black "Li, Sophie"]
[WhiteElo "1595"]
[BlackElo "1798"]
[Round "7.13"]
[Result "0-1"]
[TimeControl "5400+30"]

1. e4 c5 2. Nf3 a6 3. c4 e6 4. Nc3 Nc6 5. d4 cxd4 6. Nxd4 Qc7 7. Be3 Nf6 8. Be2 Bd6 9. Qd2 Nxd4 10. Bxd4 Bf4 11. Be3 Bxe3 12. Qxe3 d6 13. f4 Bd7 14. e5 Ng8 15. Qg3 Ne7 16. Qxg7 Rg8 17. Qf6 dxe5 18. fxe5 Bc6 19. Bh5 O-O-O 20. Bxf7 Rxg2 21. Bxe6+ Kb8 22. Bd5 Nxd5 23. cxd5 Bxd5 24. O-O-O Rg6 25.
Qh4 Rc6 26. Rd3 Rd7 27. Re1 Bxa2 28.
Qg3 Rxd3 29. Qxd3 Be6 30. Qd4 Qa5 31. Kd2 Qc7 32. Rf1 Qe7 33. Rf6 Qg7 34. Qd8+ Ka7 35. Qd4+ b6 36. Ne4 Qg2+ 37. Rf2 Qg4 38. Qe3 Bf5 39. Nf6 Rc2+ 40. Ke1 Qg1+ 0-1

[Variant "Standard"]
[Site "Europe Echecs"]

[Event "Championnat du monde jeunes U12F"]
[Date "2024.11.22"]
[White "Telyuk, Anastasiya"]
[Black "Pratitee Bordoloi"]
[WhiteElo "1603"]
[BlackElo "1929"]
[Round "7.14"]
[Result "0-1"]
[TimeControl "5400+30"]

1. e4 c6 2. d4 d5 3. e5 Bf5 4. c4 e6 5. Nc3 Ne7 6. a3 h6 7. c5 Nd7 8. b4 b6 9. Nf3 a5 10. Be3 Qc7 11. Be2 g5 12. h3 Bg7 13. O-O O-O 14. Qd2 Bh7 15. Nh2 Nf5 16. Ng4 Rfd8 17. Na4 Kh8 18. Qc1 bxc5 19. bxc5 Rab8 20. Qc3 Nxe5 21.
dxe5 d4 22. Bxd4 Nxd4 23. Bc4 Bf5 24.
Rad1 Bxe5 25. Nxe5 Qxe5 26. Rfe1 Qg7 27. Rd2 g4 28. hxg4 Bxg4 29. Re4 Bf3 30. Bf1 Bxe4 0-1

[Variant "Standard"]
[Site "Europe Echecs"]

[Event "Championnat du monde jeunes U12F"]
[Date "2024.11.22"]
[White "Xikmatkhonova, Mokhinur"]
[Black "Siskou, Evangelia"]
[WhiteElo "1726"]
[BlackElo "1884"]
[Round "7.15"]
[Result "1/2-1/2"]
[TimeControl "5400+30"]

1. e4 c5 2. Nf3 Nc6 3. d4 cxd4 4. Nxd4 g6 5. c4 Bg7 6. Be3 Nf6 7. Nc3 O-O 8. Be2 d6 9. O-O Bd7 10. Nc2 Rc8 11. f3 a6 12. Qd2 Ne5 13. Na3 Re8 14. Rac1 Be6 15. Nd5 Nfd7 16. h3 Nc6 17. b4 f5 18. Nf4 Bf7 19. exf5 gxf5 20. Nd5 Nf6 21. Rfd1 e5 22. b5 Nxd5 23. cxd5 Ne7 24. Rxc8 Qxc8 25. bxa6 bxa6 26. Bc4 f4 27. Bf2 Qf5 28. Qb4 Qg6 29. Bd3 Qh6 30. Be4 Kh8 31. Qe1 Rg8 32. Bh4 Bf6 33. Bxf6+ Qxf6 34. Qf2 Bg6 35. Bxg6 Qxg6 36. Nc2 Nf5 37. Rd2 Qh6 38. Kh2 e4 39. fxe4 f3 40. Qe1 Qf4+ 41. Kg1 Nh4 42. Rf2 Qe5 43. g4 Qg3+ 44. Kh1 Qxh3+ 45. Rh2 Qxg4 46. Ne3 f2 47. Qa1+ Qg7 48. Qxg7+ Rxg7 49. Rxf2 Re7 50. Rf8+ Kg7 51. Rf4 Ng6 52. Nf5+ Kf6 53. Rf2 Rd7 54. Nxd6+ Ke5 55. Ne8 Nf4 1/2-1/2

[Variant "Standard"]
[Site "Europe Echecs"]

[Event "Championnat du monde jeunes U12F"]
[Date "2024.11.22"]
[White "Rzadkowska, Kaja"]
[Black "Gailevska, Milana"]
[WhiteElo "1798"]
[BlackElo "1698"]
[Round "7.16"]
[Result "0-1"]
[TimeControl "5400+30"]

1. e4 e6 2. d4 d5 3. Nd2 c5 4. exd5 exd5 5. Ngf3 Nc6 6. Bb5 Bd6 7. dxc5 Bxc5 8. O-O Ne7 9. Nb3 Bd6 10. Re1 O-O 11. c3 Bg4 12. Be2 Re8 13. Bg5 h6 14. Bh4 a6 15. Qd2 Qc7 16. Bg3 Bxg3 17. hxg3 Rad8 18. Nfd4 Bxe2 19. Rxe2 Ng6 20. Rae1 Rxe2 21. Rxe2 Nxd4 22. Nxd4 Rc8 23. Re3 Kf8 24. Nf5 Qd7 25. g4 b5 26. Rd3 Rd8 27. Qe3 Qc6 28. b3 Qe6 29. Qd2 Qc6 30. Ne3 Nf4 31. Rd4 Ne6 32. Rxd5 Rxd5 33. Qxd5 Qxd5 34. Nxd5 Nc5 35. Kf1 Nd3 36. Nb4 Nxb4 37. cxb4 Ke7 38. Ke2 Ke6 39. Ke3 Kd5 40. f4 g6 41. Kd3 f6 42. Ke3 g5 43. g3 gxf4+ 44. gxf4 Kd6 45. Kd4 Ke6 46. Ke4 f5+ 47. Kf3 fxg4+ 48. Kxg4 Kf6 49. a4 Kg6 50. f5+ Kf6 51. Kf4 h5 52. a5 h4 53. Kg4 h3 54. Kxh3 Kxf5 55. Kg3 Ke4 56. Kf2 Kd3 57. Ke1 Kc3 58. Kd1 Kxb3 59. Kc1 Kxb4 60. Kb2 Kxa5 61. Ka3 b4+ 62. Kb3 Kb5 63. Kb2 a5 64. Ka2 a4 65. Kb2 Kc4 66. Kc2 a3 67. Kb1 Kb3 68. Ka1 Kc2 69. Ka2 b3+ 0-1

[Variant "Standard"]
[Site "Europe Echecs"]

[Event "Championnat du monde jeunes U12F"]
[Date "2024.11.22"]
[White "Ivaschenko, Anna"]
[Black "Chichinadze, Anastasia"]
[WhiteElo "1732"]
[BlackElo "1682"]
[Round "7.17"]
[Result "1-0"]
[TimeControl "5400+30"]

1. d4 Nf6 2. Nf3 e6 3. e3 b6 4. Bd3 Bb7 5. O-O c5 6. c4 Nc6 7. Nc3 cxd4 8. exd4 d5 9. cxd5 Nxd5 10. Re1 Nxc3 11. bxc3 Be7 12. Bf4 O-O 13. Qc2 g6 14. Rad1 Rc8 15. Qe2 Bf6 16. Ne5 Ne7 17. Bh6 Bg7 18. Bxg7 Kxg7 19. c4 Nc6 20. Be4 Na5 21. Bxb7 Nxb7 22. d5 exd5 23. Rxd5 Qh4 24. g3 Qh3 25. Nd7 Rfe8 26. Qb2+ Kh6 27. Qd2+ Kg7 28. Qd4+ Kh6 29. Rxe8 Rxe8 30. Ne5 Kg7 31. Ng4+ Kg8 32. Nf6+ Kf8 33. Nxe8 Kxe8 34. Qh8+ Ke7 35. Qb8 Nc5 36. Qd6+ Ke8 37. Qd8# 1-0

[Variant "Standard"]
[Site "Europe Echecs"]

[Event "Championnat du monde jeunes U12F"]
[Date "2024.11.22"]
[White "Harutyunyan, Gabriela"]
[Black "Anu, Bayart-Uchral"]
[WhiteElo "1730"]
[BlackElo "1624"]
[Round "7.18"]
[Result "1-0"]
[TimeControl "5400+30"]

1. e4 e6 2. b3 b6 3. Bb2 Bb7 4. d3 c5 5. Nd2 Nf6 6. Ngf3 Be7 7. g3 O-O 8. Bg2 d5 9. e5 Nfd7 10. O-O Nc6 11. Qe2 Qc7 12. Rfe1 Rae8 13. Kh1 f6 14. exf6 Bxf6 15. Bxf6 Rxf6 16. Ng5 h6 17. Qh5 Re7 18. Nh3 Nb4 19. Qd1 Ref7 20. a3 Nc6 21. Nf4 Qd6 22. Nf1 Ne7 23. Ne3 e5 24. Nh3 Bc6 25. Kg1 Nf5 26. Ng4 Re6 27. Ne3 Ne7 28. f4 Nf5 29. Nxf5 Rxf5 30. Qg4 Ref6 31. Qe2 exf4 32. Nxf4 Re5 33. Qg4 d4 34. h4 Bxg2 35. Kxg2 Rxe1 36. Rxe1 Ne5 37. Qh5 Qc6+ 38. Re4 Nf7 39. Kh2 Qd7 40. Qe2 Kh7 41. Re7 Qf5 42. Kg2 a6 43. Re8 Nd6 44. Re5 Qd7 45. Kg1 Qc6 46. Nd5 Rf5 47. Rxf5 Nxf5 48. Qf3 Qg6 49. Kf2 b5 50. Nf4 Qe8 51. Nd5 Qe5 52. h5 Nxg3 53. Qxg3 Qxd5 54. Qg6+ Kh8 55.
Qxa6 Qxh5 56. Qxb5 Qf5+ 57. Ke1 Qe5+ 58. Kd1 h5 59. Qd7 Kh7 60. Qh3 Qd5 61. a4 Kh6 62. a5 c4 63. a6 cxb3 64. c4 dxc3 65. Qe3+ g5 66. Qb6+ Kg7 67. Qb7+ Qf7 68. Qxf7+ Kxf7 69. a7 1-0

[Variant "Standard"]
[Site "Europe Echecs"]

[Event "Championnat du monde jeunes U12F"]
[Date "2024.11.22"]
[White "Abylaykyzy, Bibisara"]
[Black "Baruch, Amit"]
[WhiteElo "1694"]
[BlackElo "1747"]
[Round "7.19"]
[Result "1-0"]
[TimeControl "5400+30"]

1. d4 Nf6 2. c4 e6 3. g3 Bb4+ 4. Bd2 a5 5. Bg2 O-O 6. a3 Bxd2+ 7. Nxd2 d6 8. Ngf3 b6 9. O-O Bb7 10. Re1 Nbd7 11. Qc2 Re8 12. e4 e5 13. dxe5 dxe5 14. Rad1 Qe7 15. Nb1 Nc5 16. Nc3 a4 17. Nd5 Nxd5 18. exd5 Qf6 19. Nd2 Qd6 20. Ne4 Nxe4 21. Bxe4 g6 22. Qd2 f5 23. Bg2 Ra5 24. Qb4 Rea8 25. Rd2 e4 26. f3 exf3 27. Bxf3 Qc5+ 28. Qxc5 Rxc5 29. d6 cxd6 30. Bxb7 Ra7 31. Bd5+ Kg7 32. Re6 Rd7 33. Bg2 Rxc4 34. Rexd6 Rc1+ 35. Bf1 Re7 36. Rd7 Kf7 37. Rxe7+ Kxe7 38. Kf2 Rc5 39. Ke3 g5 40. Bg2 Re5+ 41. Kd3 Rb5 42. Kc4 Re5 43. Kb4 f4 44. gxf4 gxf4 45. Bf3 Rc5 46. Kxa4 Ke6 47. Rd4 Rc2 48. Kb3 Rxh2 49. Rxf4 Ke5 50. Re4+ Kf5 51. Re3 h5 52. Bc6 h4 53. Kc3 Kf4 54. Rf3+ Kg4 55. Rd3 Kf4 56. b4 Kg5 57. Kc4 Rc2+ 58. Kb5 Kg4 59. Kxb6 Rb2 60. b5 1-0

[Variant "Standard"]
[Site "Europe Echecs"]

[Event "Championnat du monde jeunes U12F"]
[Date "2024.11.22"]
[White "Messali Anger, Ilyana"]
[Black "Xu, Melissa"]
[WhiteElo "1687"]
[BlackElo "1731"]
[Round "7.20"]
[Result "1-0"]
[TimeControl "5400+30"]

1. e4 c5 2. Nf3 Nc6 3. Nc3 g6 4. d4 cxd4 5. Nxd4 e5 6. Ndb5 Nf6 7. Bg5 Be7 8. Nd6+ Kf8 9. Bc4 Bxd6 10. Qxd6+ Kg7 11. Nd5 Nxe4 12. Bxd8 Nxd6 13. Bf6+ Kg8 14. Bb3 h6 15. Bxh8 Kxh8 16. O-O-O Nd4 17. Rhe1 Nxb3+ 18. axb3 Nf5 19. Rxe5 b6 20. Re8+ Kg7 21. Nc7 Rb8 22. g4 Nh4 23. Rd3 g5 24. Rc3 d6 25. Rd8 Kh7 26. Ne8 Kg6 27. Rdxc8 Rxc8 28. Rxc8 d5 29. Rc6+ Kh7 30. Rf6 Kg8 31. Nd6 Ng2 32. Rxf7 a6 33. Rb7 b5 34. Rb6 Nf4 35. Rxa6 Ne2+ 36. Kd2 Nd4 37. Kd3 Nf3 38. Nxb5 Nxh2 39. Rxh6 Nxg4 40. Rg6+ Kf7 41. Rxg5 Nxf2+ 42. Kd4 Ke6 43.
c4 dxc4 44. bxc4 Kd7 45. c5 Kc6 46. Na7+ Kc7 47. Rg7+ Kb8 48. c6 1-0

[Variant "Standard"]
[Site "Europe Echecs"]

[Event "Championnat du monde jeunes U12F"]
[Date "2024.11.22"]
[White "Liu, Jingyu"]
[Black "Li, Peishan"]
[WhiteElo "1680"]
[BlackElo "1729"]
[Round "7.21"]
[Result "0-1"]
[TimeControl "5400+30"]

1. d4 Nf6 2. c4 e6 3. Nc3 d5 4. cxd5 exd5 5. Bg5 Be7 6. e3 h6 7. Bf4 O-O 8. Bd3 c6 9. Nf3 Be6 10. h3 Nbd7 11. O-O Re8 12. Qc2 a5 13. Na4 Rc8 14. a3 Ne4 15. Bxe4 dxe4 16. Ne5 Nxe5 17. Bxe5 Bd5 18. Qd2 Bb3 19. Nc3 Bd6 20. Nxe4 Bxe5 21. dxe5 Rxe5 22. Qc3 Rb5 23. f3 a4 24. Rf2 Rd5 25. Nc5 Qb6 26. Nxb3 axb3 27. e4 Rd7 28. Re1 c5 29. Re3 c4 30. f4 Rcd8 31. Rff3 Rd3 32. Qb4 Qd4 33. Kf2 Qxb2+ 34. Re2 Rd2 35. Re3 c3 0-1

[Variant "Standard"]
[Site "Europe Echecs"]

[Event "Championnat du monde jeunes U12F"]
[Date "2024.11.22"]
[White "Ribreau, Anna"]
[Black "Smirnova, Viktoria A"]
[WhiteElo "1726"]
[BlackElo "1658"]
[Round "7.22"]
[Result "1/2-1/2"]
[TimeControl "5400+30"]

1. Nf3 d5 2. g3 c6 3. Bg2 Nf6 4. O-O Bf5 5. d3 e6 6. c4 Nbd7 7. cxd5 exd5 8. Nc3 Bc5 9. Qb3 Bb6 10. Na4 O-O 11. Nxb6 Qxb6 12. Qxb6 axb6 13. Nh4 Bg4 14. f3 Be6 15. e4 Nc5 16. Rd1 Nb3 17. Rb1 Rxa2 18. e5 Nd7 19. f4 Bg4 20. Re1 Ndc5 21. Bf1 Nxc1 22. Rexc1 Nb3 23. Rc2 Rfa8 24. h3 Bd7 25. Nf3 d4 26. Nd2 Nxd2 27. Rxd2 Ra1 28. Rxa1 Rxa1 29. Kf2 Kf8 30. Bg2 Ke8 31. g4 g6 32. Be4 Kd8 33. f5 gxf5 34. Bxf5 Bxf5 35. gxf5 Ra5 36. Re2 f6 37. Kf3 Ke7 38. Kf4 Rxe5 39. Rxe5+ fxe5+ 40. Kxe5 c5 41. h4 b5 42. b3 b6 43. h5 h6 44. Kd5 Kf6 45. Ke4 Ke7 46. Kd5 Kd7 47. Ke5 Ke7 48. Kd5 Kf6 49. Ke4 Ke7 1/2-1/2

[Variant "Standard"]
[Site "Europe Echecs"]

[Event "Championnat du monde jeunes U12F"]
[Date "2024.11.22"]
[White "Sri Darshini T"]
[Black "Oksanen, Maria"]
[WhiteElo "1681"]
[BlackElo "1725"]
[Round "7.23"]
[Result "1-0"]
[TimeControl "5400+30"]

1. d4 Nf6 2. c4 g6 3. Nc3 d5 4. cxd5 Nxd5 5. e4 Nxc3 6. bxc3 Bg7 7. Bc4 c5 8. Ne2 O-O 9. O-O Nc6 10. Be3 Qa5 11. Rb1 Rd8 12. Qb3 e6 13. Rfd1 Bd7 14. Bg5 Rdc8 15. Qxb7 cxd4 16. Qxd7 Qxg5 17. Ba6 Ne5 18. Qa4 d3 19. Bxc8 Nf3+ 20. Kh1 Qh5 21. Qe8+ Bf8 22. h3 dxe2 23. Rd8 Qh6 24. gxf3 Rb8 25. Re1 Qxh3+ 26. Kg1 Qh6 27. Qxf8+ Qxf8 28. Rxf8+ Kxf8 29. Ba6 Rb6 30. Bxe2 Rb2 31. Bc4 Rc2 32. Re3 Ke7 33. f4 h5 34. Kg2 a5 35. Bb3 Rd2 36. e5 a4 37. Bxa4 Rxa2 38. Bb5 Rb2 39. c4 Rd2 40. Ra3 Rd4 41. Kf3 g5 42. fxg5 Rg4 43. Ra8 1-0

[Variant "Standard"]
[Site "Europe Echecs"]